 Dungeon Crawl Stone Soup version 0.28-a0-381-g937acc2988 (webtiles) character file.

Game seed: 5875599237515370990

133 Leszczynek the Chopper (level 5, -2/41 HPs)
             Began as a Human Gladiator on Sept 1, 2021.
             Was an Initiate of Makhleb.
             Slain by Pikel (5 damage)
             ... while paralysed by Pikel
             ... on level 4 of the Dungeon.
             The game lasted 00:10:52 (1382 turns).

Leszczynek the Chopper (Human Gladiator)            Turns: 1382, Time: 00:10:52

Health: -2/41      AC:  7    Str: 14    XL:     5   Next: 39%
Magic:  5/5        EV:  2    Int: 10    God:    Makhleb [......]
Gold:   163        SH:  0    Dex: 14    Spells: 4/4 levels left

rFire   . . .      SeeInvis .   a - +0 war axe
rCold   . . .      Faith    .   (no shield)
rNeg    . . .      Spirit   .   d - +0 ring mail
rPois   .          Reflect  .   c - +0 helmet
rElec   .          Harm     .   (no cloak)
rCorr   .          Rampage  .   r - +0 pair of gloves
Will    .....                   (no boots)
Stlth   +.........              (no amulet)
HPRegen 0.13/turn               (no ring)
MPRegen 0.09/turn               (no ring)

@: paralysed
A: no striking features
a: Renounce Religion


You were on level 4 of the Dungeon.
You worshipped Makhleb.
Makhleb was noncommittal.
You visited 1 branch of the dungeon, and saw 5 of its levels.

You collected 163 gold pieces.

Inventory:

Hand Weapons
 a - a +0 war axe (weapon)
 b - a +0 hunting sling
 h - a +0 short sword of venom
Missiles
 i - 22 bolts
 j - 26 sling bullets
 l - 2 poisoned darts (quivered)
Armour
 c - a +0 helmet (worn)
 d - a +0 ring mail (worn)
 r - a +0 pair of gloves (worn)
 s - a +0 leather armour
Wands
 w - a wand of flame (16)
Scrolls
 e - 2 scrolls of teleportation {unknown}
 f - a scroll of enchant weapon {unknown}
 n - a scroll of enchant armour {unknown}
 t - a scroll of identify {unknown}
 u - a scroll of vulnerability {unknown}
 v - a scroll of torment {unknown}
Potions
 g - a potion of flight
 k - a potion of mutation {unknown}
 m - a potion of invisibility {unknown}
 p - a potion of resistance {unknown}
 q - a potion of curing {unknown}


   Skills:
 + Level 3.3 Fighting
 * Level 5.0 Axes
 - Level 2.0 Throwing
 - Level 3.0 Dodging


You had 4 spell levels left.
You didn't know any spells.
Your spell library contained the following spells:

 Spells                   Type           Power      Damage    Failure   Level
 Animate Skeleton         Necr           0%         N/A       61%         1
 Foxfire                  Conj/Fire      0%         2x1d4     61%         1
 Pain                     Necr           0%         1d4       61%         1
 Vampiric Draining        Necr           0%         2d6       93%         3
 Fireball                 Conj/Fire      0%         3d3       100%        5
 Summon Cactus Giant      Summ           0%         N/A       100%        6


Dungeon Overview and Level Annotations

Branches:
Dungeon (5/15)
 Temple: D:4-7

Altars:
Makhleb

Annotations:
D:4 Pikel


Message History

Pikel burns you.
* * * LOW HITPOINT WARNING * * *
You feel much better. Pikel barely misses you.
Press: ? - help, v - describe, . - travel
Here: Pikel, wielding a +0 whip of flaming, wearing a +0 robe and carrying a wand of paralysis (8) (heavily wounded)
The floor, spattered with blood.
You barely miss Pikel.
Pikel is heavily wounded.
Pikel hits you with a +0 whip of flaming.
Pikel burns you.
You hit Pikel.
Pikel is heavily wounded.
Pikel hits you with a +0 whip of flaming.
Pikel burns you.
You closely miss Pikel.
Pikel is heavily wounded.
Pikel closely misses you.
You slash Pikel!
Pikel is severely wounded.
Pikel hits you with a +0 whip of flaming.
Pikel burns you.
You slash Pikel!
Pikel is almost dead.
Pikel hits you but does no damage.
Pikel hits you with a +0 whip of flaming.
Pikel burns you.
You closely miss Pikel.
Pikel is almost dead.
Pikel misses you.
You closely miss Pikel.
Pikel is almost dead.
Pikel hits you with a +0 whip of flaming.
Pikel burns you.
You closely miss Pikel.
Pikel is almost dead.
Pikel zaps a wand.
You suddenly lose the ability to move!
Pikel hits you with a +0 whip of flaming!
* * * LOW HITPOINT WARNING * * *
Pikel burns you.
You die...

##.###..##..##
##........#####.
##.## ##<...##
#........## #.
##.## #..###
#.##....## #. #.##
#.#)## #.# #...##
#. .## #....# #..
##...# #. .#
#..#.#..#####...##
#. ##
#..##....#.#.#####
##. # ###
#######K##
#######.. #@#.#
##.#...).. #
###.#####...#####.
# #.#K.##..### ##
# #####..### ## #
##### ##.
#..####.. #.......
########


You could see Pikel.

Vanquished Creatures
  A hound (D:2)
  Natasha (D:3)
  4 adders
  A worm (D:2)
  An orc (D:4)
  3 ball pythons
  2 bats
  2 endoplasms (D:3)
  3 giant cockroaches
  6 goblins
  8 kobolds
  2 quokkas
  A frilled lizard (D:1)
  5 rats
40 creatures vanquished.

Vanquished Creatures (others)
  10 plants (D:3)
10 creatures vanquished.

Grand Total: 50 creatures vanquished

Notes
Turn   | Place    | Note
-------+----------+-------------------------------------------
     0 | D:1      | Leszczynek the Human Gladiator began the quest for the Orb.
     0 | D:1      | Reached XP level 1. HP: 16/16 MP: 1/1
   142 | D:1      | Reached XP level 2. HP: 14/22 MP: 2/2
   274 | D:2      | Reached skill level 4 in Axes
   274 | D:2      | Reached XP level 3. HP: 18/28 MP: 3/3
   302 | D:2      | Reached XP level 4. HP: 22/34 MP: 4/4
   556 | D:3      | HP: 6/34 [poisoned by an adder]
   649 | D:3      | Reached skill level 3 in Fighting
   776 | D:5      | Entered Level 5 of the Dungeon
   803 | D:5      | Noticed a two-headed ogre
   804 | D:5      | uh huh
   835 | D:4      | Found a burning altar of Makhleb.
   837 | D:4      | mmmhhh
   853 | D:4      | Became a worshipper of Makhleb the Destroyer
   975 | D:4      | Reached XP level 5. HP: 37/41 MP: 5/5
  1173 | D:3      | Noticed Natasha
  1187 | D:3      | Killed Natasha
  1194 | D:3      | Reached skill level 5 in Axes
  1329 | D:4      | Noticed Pikel
  1329 | D:4      | Noticed a lemure
  1329 | D:4      | Noticed a lemure
  1372 | D:4      | HP: 8/41 [Pikel (2)]
  1381 | D:4      | Paralysed by Pikel for 4 turns
  1382 | D:4      | HP: 3/41 [Pikel (9)]
  1382 | D:4      | Slain by Pikel

Illustrated notes

#.......#
##.......#
#........# #######
#..O.....#
#.....#####
#.......#
..........#
#.......#
..........# #.....#
.........#######@.#
.........##......##
...............#.#
.........####.###$#
.......### #....###
......## #......#
....### #......#
.#### ##.....# ##
#.....#


Turn 804 on D:5: uh huh ##..... ##)...# ##...... #########.......
#...........###. ###### #..........## # #.....##......#...##
#..................# #..###@###..(..##..## #.# #..######..## #.# #..# ##..##
#_..'..# #.>.. #.###... ##... #.# #...# ##.. #+# #...# ### ... Turn 837 on D:4:
mmmhhh

Levels and vault maps discovered:
D:1:      dpeg_arrival_chambers_temple_mockup, layout_rooms
D:2:      layout_basic, st_stairs_12, grunt_decor_arrowhead
D:3:      layout_rooms, mainiacjoe_overflow_alcove_1,
          chequers_ecumenical_altar_lobes, uniq_robin, uniq_sigmund,
          uniq_natasha
D:4:      layout_layer_cave, lemuel_doored_altar, uniq_pikel
D:5:      layout_cave_pods, nicolae_qazlal_scattered_showers, minivault_27,
          uniq_duvessa

Skill      XL: |  1  2  3  4  5 |
---------------+----------------+-----
Axes           | 4 5 |  5.0
Fighting       | 3 |  3.3
Throwing       | |  2.0
Dodging        | |  3.0

Action                   |  1- 3 |  4- 6 || total
-------------------------+-------+-------++-------
Melee: War axe           |    46 |    98 ||   144
Throw: Throwing net      |       |     4 ||     4
       Dart              |       |     2 ||     2
  Use: Potion            |       |     4 ||     4
Armor: Leather armour    |    21 |    10 ||    31
       Ring mail         |       |    30 ||    30
Dodge: Dodged            |    34 |    86 ||   120

Table legend: (Time is in decaauts)
 A = Elapsed time spent in this place.
 B = Non-inter-level travel time spent in this place.
 C = Inter-level travel time spent in this place.
 D = Time resting spent in this place.
 E = Time spent auto-exploring this place.
 F = Levels seen in this place.
 G = Mean time per level.
                   A        B        C        D        E       F      G
               +--------+--------+--------+--------+--------+-----+--------+
         Total |   1435 |   1284 |    151 |      6 |      0 |   5 |  287.0 |
       Dungeon |   1435 |   1284 |    151 |      6 |      0 |   5 |  287.0 |
               +--------+--------+--------+--------+--------+-----+--------+

Top non-repeatable levels by time:
     D:4: 568 daAuts
     D:1: 309 daAuts
     D:3: 273 daAuts
     D:2: 238 daAuts
     D:5: 45 daAuts
